 Dungeon Crawl Stone Soup version 0.22.1-1-ga44c0e5 (webtiles) character file.

428 toffzen the Caller (level 6, -3/48 HPs)
             Began as a Tengu Summoner on Sept 25, 2018.
             Was an Initiate of Ashenzari.
             Killed from afar by an orc wizard (5 damage)
             ... with a magic dart
             ... on level 5 of the Dungeon.
             The game lasted 00:14:46 (5671 turns).

toffzen the Caller (Tengu Summoner)                 Turns: 5671, Time: 00:14:47

Health: -3/48      AC: 23    Str:  9    XL:     6   Next: 98%
Magic:  1/12       EV:  2    Int: 22    God:    Ashenzari [......]
Gold:   80         SH:  0    Dex: 14    Spells: 2/12 levels left

rFire    . . .     SeeInvis .   a - +0 trident
rCold    + . .     Gourm    .   (no shield)
rNeg     + + +     Faith    .   (armour currently unavailable)
rPois    +         Spirit   .   (helmet currently unavailable)
rElec    .         Reflect  .   (cloak currently unavailable)
rCorr    .         Harm     .   (gloves currently unavailable)
MR       .....     NoTele   +   (boots unavailable)
Stlth    ++........             (no amulet)
HPRegen  0.16/turn              v - ring of protection from cold
MPRegen  0.13/turn              (no ring)

@: brilliant, lethally poisoned (-3 -> -4), tree-form
A: able to fly 1
a: Fly, Curse Item, Renounce Religion


You were on level 5 of the Dungeon.
You worshipped Ashenzari.
Ashenzari was noncommittal.
You were hungry.
You were a tree.
You visited 1 branch of the dungeon, and saw 5 of its levels.

You collected 80 gold pieces.

Inventory:

Hand Weapons
 a - a +0 trident (weapon)
 d - a +0 hand axe
 j - a cursed -3 hand axe
 l - a +0 hunting sling
Missiles
 g - 39 stones (quivered)
 r - 42 sling bullets
Armour
 n - a +1 cloak (melded)
 q - a +0 leather armour (melded)
 B - a +0 robe
Jewellery
 v - a ring of protection from cold (left branch)
Wands
 A - a wand of digging (13)
Scrolls
 f - a scroll of teleportation
 o - a scroll of enchant armour
 p - a scroll of amnesia {unknown}
 w - a scroll of remove curse
 x - a scroll of enchant weapon {unknown}
 y - a scroll of noise {unknown}
Potions
 e - 2 potions of flight
 k - a potion of cancellation {unknown}
 m - a potion of mutation {unknown}
 s - a potion of berserk rage {unknown}
 t - a potion of heal wounds {unknown}
 u - a potion of might {unknown}
Comestibles
 c - 4 rations


   Skills:
 - Level 2.1 Dodging
 - Level 2.0 Stealth
 + Level 3.9 Spellcasting
 + Level 7.5 Summonings
 * Level 4.1 Air Magic


You had 2 spell levels left.
You knew the following spells:

 Your Spells              Type           Power        Failure   Level  Hunger
a - Summon Small Mammal   Summ           ####         1%          1    None
b - Call Imp              Summ           ######..     1%          2    #......
c - Call Canine Familiar  Summ           ######..     1%          3    ###....
d - Summon Lightning Spi  Summ/Air       #####...     1%          4    ####...

Your spell library contained the following spells:

 Spells                   Type           Power        Failure   Level  Hunger
 Beastly Appendage        Tmut           ###...       1%          1    None
 Pain                     Necr           ###.         1%          1    None
 Sticks to Snakes         Tmut           ###.....     2%          2    #......
 Summon Guardian Golem    Hex/Summ       ####....     1%          3    ###....
 Summon Ice Beast         Ice/Summ       ####....     3%          4    ####...
 Spider Form              Tmut/Pois      ###.......   4%          3    ###....
 Ice Form                 Ice/Tmut       ###.....     13%         4    ####...
 Blade Hands              Tmut           ###.......   30%         5    ######.


Dungeon Overview and Level Annotations

Branches:
Dungeon (5/15)
 Temple: D:4-7

Altars:
Ashenzari
Dithmenos
Fedhas
Sif Muna
The Shining One

Annotations:
D:3 3 runed doors, Paps's ghost, amateur OpSu


Innate Abilities, Weirdness & Mutations

((You have a beak for a mouth.))
((You have claws for feet.))
You can fly.


Message History

The centaur zombie barely misses your hound.
Your hound bites the centaur zombie.
Your crimson imp hits the orc.
The centaur zombie hits your hound.
Your hound bites the centaur zombie.
You hear some strange, mumbled words.
A magic dart appears from out of thin air!
The magic dart hits you!
You miss something.
* * * LOW HITPOINT WARNING * * *
You feel sick.
The centaur zombie hits your hound but does no damage.
Something hits you but does no damage.
Your hound bites the centaur zombie but does no damage.
Your crimson imp blinks!
The centaur zombie barely misses your hound.
Your hound bites the centaur zombie.
Something hits you but does no damage.
You hit something.
Your hound bites the centaur zombie.
You hear some strange, mumbled words.
A magic dart appears from out of thin air!
The magic dart hits you!
You die...

... ## .. .. .#
##.##.######
#..[<....... [
#...#.###.##
.#...#.###.###
.....§oZh5...#
#..##.)#.#♣# .#
#..##.o#.#{#...#
.............#
#......<.#.#.#
#............#
#..##.###..#.#
#. #. #..#.# .
...# # .. ...#


You could see an orc, a centaur zombie, a friendly hound and a friendly iron
imp.

Vanquished Creatures
  An orc wizard (D:3)
  A gnoll (D:4)
  An adder (D:5)
  A leopard gecko (D:3)
  4 orcs
  2 goblins
  A jackal (D:3)
  2 quokkas
  4 bats
  A frilled lizard (D:4)
  2 rats
20 creatures vanquished.

Vanquished Creatures (collateral kills)
  2 ogres (D:4)
  A scorpion (D:4)
  A centaur zombie (D:5)
  4 orc wizards
  An orc priest (D:4)
  A gnoll shaman (D:4)
  Natasha (twice) (D:2)
  2 worker ants (D:4)
  2 gnolls (D:3)
  7 adders
  3 worms (D:3)
  2 dart slugs
  3 leopard geckos
  10 orcs
  2 ball pythons (D:2)
  A bat (D:1)
  3 giant cockroaches (D:1)
  7 goblins
  6 hobgoblins
  2 jackals (D:4)
  A frilled lizard (D:1)
  5 kobolds
  5 rats
73 creatures vanquished.

Grand Total: 93 creatures vanquished

Notes
Turn   | Place    | Note
-------+----------+-------------------------------------------
     0 | D:1      | toffzen the Tengu Summoner began the quest for the Orb.
     0 | D:1      | Reached XP level 1. HP: 10/10 MP: 4/4
   189 | D:1      | Reached skill level 5 in Summonings
   292 | D:1      | Reached XP level 2. HP: 8/15 MP: 6/6
   423 | D:1      | Learned a level 2 spell: Call Imp
  1437 | D:2      | Reached XP level 3. HP: 19/19 MP: 7/7
  1644 | D:2      | Learned a level 3 spell: Call Canine Familiar
  1991 | D:2      | Noticed Natasha
  2002 | D:2      | Killed Natasha
  2002 | D:2      | Reached skill level 6 in Summonings
  2258 | D:2      | Noticed Natasha
  2282 | D:2      | Killed Natasha
  2282 | D:2      | Reached XP level 4. HP: 17/24 MP: 1/9
  3218 | D:3      | Found a glowing golden altar of the Shining One.
  3433 | D:3      | Found a runed gate.
  3433 | D:3      | Found a runed gate.
  3433 | D:3      | Found a runed gate.
  3433 | D:3      | Noticed Paps's ghost (amateur OpSu)
  3546 | D:3      | Found a deep blue altar of Sif Muna.
  3563 | D:3      | Gained mutation: You can fly. [Tengu growth]
  3563 | D:3      | Reached XP level 5. HP: 25/28 MP: 6/10
  3743 | D:3      | Identified Sif Muna's Papyrus of Stolen Souls
  3815 | D:3      | Found a shadowy altar of Dithmenos.
  3815 | D:3      | Found a shattered altar of Ashenzari.
  3831 | D:3      | Became a worshipper of Ashenzari the Shackled
  3976 | D:4      | Learned a level 4 spell: Summon Lightning Spire
  4000 | D:3      | Reached skill level 7 in Summonings
  4091 | D:4      | Reached skill level 1 in Air Magic
  4412 | D:4      | Noticed an ogre
  4791 | D:4      | Noticed an ogre
  4938 | D:4      | Reached XP level 6. HP: 32/32 MP: 5/12
  5619 | D:5      | Entered Level 5 of the Dungeon
  5642 | D:5      | Found a blossoming altar of Fedhas.
  5668 | D:5      | HP: 2/48 [adder (2)]
  5671 | D:5      | Killed from afar by an orc wizard

Skill      XL: |  1  2  3  4  5  6 |
---------------+-------------------+-----
Summonings     | 5 6 7 |  7.5
Spellcasting   | 3 |  3.9
Air Magic      | 2 4 |  4.1
Dodging        | |  2.1
Stealth        | |  2.0

Action                   |  1- 3 |  4- 6 || total
-------------------------+-------+-------++-------
Melee: Hand axe          |    17 |    46 ||    63
       Unarmed           |     3 |       ||     3
       Peck              |     4 |     4 ||     8
       Kick              |     2 |    10 ||    12
       Trident           |       |    20 ||    20
 Cast: Summon Small Mamm |    58 |    10 ||    68
       Call Imp          |     8 |    45 ||    53
       Call Canine Famil |       |    14 ||    14
 Abil: Fly               |       |     3 ||     3
  Use: Scroll            |       |     8 ||     8
       Potion            |       |     4 ||     4
  Eat: Chunk             |     5 |    11 ||    16
       Ration            |       |     1 ||     1
Armor: Robe              |     7 |       ||     7
       Leather armour    |     3 |    26 ||    29
       Skin              |       |    26 ||    26
Dodge: Dodged            |    32 |    71 ||   103
